 Dungeon Crawl Stone Soup version 0.17-a0-1698-ga4b5924 (webtiles) character file.

346 KINGKRU the Poker (level 6, -1/52 HPs)
             Began as a Hill Orc Gladiator on Aug 20, 2015.
             Was an Initiate of Trog.
             Splashed by an oklob plant's acid (13 damage)
             ... created by the enmity of Fedhas Madash
             ... on level 4 of the Dungeon.
             The game lasted 00:20:35 (3974 turns).

KINGKRU the Poker (Hill Orc Gladiator)              Turns: 3974, Time: 00:20:35

Health: -1/52      AC:  1    Str: 18    XL:     6   Next: 59%
Magic:  6/6        EV: 13    Int:  8    God:    Trog [......]
Gold:   116        SH:  0    Dex: 13    Spells: 0 memorised, 5 levels left

rFire  . . .     SeeInvis .     m - +2 halberd (pain)
rCold  . . .     Clarity  .     b - +0 leather armour
rNeg   . . .     SustAt   .     (no shield)
rPois  +         Gourm    .     c - +1 helmet
rElec  .         Spirit   .     (no cloak)
rCorr  .         Warding  .     (no gloves)
rMut   .         Stasis   .     (no boots)
MR     .....                    (no amulet)
Stlth  ++........               q - ring of stealth
                                h - ring of poison resistance

@: corroded equipment, not resistant to hostile enchantments, unstealthy
A: no striking features
a: Burn Spellbooks, Renounce Religion


You were on level 4 of the Dungeon.
You worshipped Trog.
Trog was noncommittal.
You were not hungry.

You visited 1 branch of the dungeon, and saw 4 of its levels.

You collected 116 gold pieces.

Inventory:

Hand weapons
 a - a +1 trident
 m - a +2 halberd of pain (weapon)
 w - a +1 spear of venom
Missiles
 d - 2 throwing nets (quivered)
Armour
 b - a +0 leather armour (worn)
 c - a +1 helmet (worn)
 l - a +2 helmet
Jewellery
 h - a ring of poison resistance (left hand)
 q - a ring of stealth (right hand)
 r - an uncursed ring of stealth
Magical devices
 s - a wand of teleportation (0)
Potions
 g - a potion of cancellation {unknown}
 i - a potion of poison
 j - a potion of brilliance {unknown}
 k - a potion of degeneration {unknown}
 t - a potion of mutation {unknown}
 v - a potion of flight
Comestibles
 e - 3 bread rations
 u - a beef jerky


   Skills:
 + Level 3.9 Fighting
 + Level 4.6 Polearms
 + Level 2.1 Throwing
 + Level 2.6 Armour
 + Level 4.2 Dodging
 + Level 0.3 Stealth


You had 5 spell levels left.
You didn't know any spells.

Dungeon Overview and Level Annotations

Branches:
Dungeon (4/15)
 Temple: D:4-7

Altars:
Ashenzari
Dithmenos
Fedhas
Okawaru
Qazlal
Trog

Annotations:
D:4 exclusion: 3 oklob plants


Message History

Enchant which item? (? for menu, Esc to quit)
Your +0 helmet glows green for a moment.
Read which item? (? for menu, Esc to quit)
As you read the scroll labeled HORAD JYSOET, it crumbles to dust.
The scroll dissolves into smoke.
It was a scroll of fog.
You feel sick.
Drink which item? (? for menu, Esc to quit)
It was a potion of poison.
You feel slightly nauseous. The oklob plant spits acid at you.
The splash of acid hits you!
The acid burns!
* * * LOW HITPOINT WARNING * * *
Drink which item? (? for menu, Esc to quit)
It was a potion of curing.
You feel better.
Drink which item? (? for menu, Esc to quit)
Okay, then.
You hit the oklob plant but do no damage.
The oklob plant spits acid at you. The splash of acid hits you!
* * * LOW HITPOINT WARNING * * *
The acid corrodes you!
The acid burns!
You die...

# ....P # ...# #
...# ### #..# .
..####..###
#+#+##..
.(##......# +.....
#.##......# #...
........######§####
#.##[...#...'.§P@P#
#.##..#.')..#.§#P§#
..##....#+###.#####
####....# #..#
#....# #..# #....##
##.# #..[..# #.#
#.....# #..
####.....#


You could see 3 oklob plants.

Vanquished Creatures
  An ogre (D:4)
  The ghost of Wraiths the Firebug, an average OpFE of Vehumet (D:3)
  A centaur skeleton (D:4)
  4 adders
  4 gnolls
  A worm (D:3)
  3 orcs
  7 bats
  3 giant cockroaches
  13 goblins
  7 hobgoblins
  8 jackals
  3 quokkas
  4 ball pythons
  4 giant newts
  10 kobolds
  2 quokka skeletons
  6 rats
82 creatures vanquished.

Notes
Turn   | Place    | Note
--------------------------------------------------------------
     0 | D:1      | KINGKRU the Hill Orc Gladiator began the quest for the Orb.
     0 | D:1      | Reached XP level 1. HP: 18/18 MP: 1/1
   317 | D:1      | Reached XP level 2. HP: 15/25 MP: 2/2
   838 | D:2      | Found a blossoming altar of Fedhas.
   851 | D:2      | Became a worshipper of Fedhas Madash
  1237 | D:2      | Reached XP level 3. HP: 24/30 MP: 3/3
  1528 | D:2      | Found a shattered altar of Ashenzari.
  1534 | D:2      | Found a shadowy altar of Dithmenos.
  1656 | D:3      | Reached skill level 1 in Armour
  1656 | D:3      | Reached XP level 4. HP: 28/37 MP: 4/4
  1763 | D:3      | Noticed Wraiths's ghost (average OpFE)
  1859 | D:3      | Killed Wraiths's ghost
  1859 | D:3      | Reached skill level 4 in Polearms
  1859 | D:3      | Reached XP level 5. HP: 9/45 MP: 5/5
  2172 | D:3      | HP: 2/45 [gnoll/halberd of pain (1)]
  2514 | D:3      | Found a stormy altar of Qazlal.
  2669 | D:3      | Found an iron altar of Okawaru.
  2942 | D:3      | Found a bloodstained altar of Trog.
  2990 | D:3      | Fell from the grace of Fedhas
  2990 | D:3      | Became a worshipper of Trog the Wrathful
  3464 | D:4      | Reached XP level 6. HP: 46/51 MP: 6/6
  3651 | D:4      | Noticed an ogre
  3677 | D:4      | Killed an ogre
  3969 | D:4      | Noticed an oklob plant
  3969 | D:4      | Noticed an oklob plant
  3969 | D:4      | Noticed an oklob plant
  3974 | D:4      | Splashed by an oklob plant's acid

Vault maps used:
D:1:      saegor_arrival_simple_e, minivault_5, hangedman_abyss_or_decor_stabs
D:2:      fedhas_altar_4, minitemple, first_bread, kennysheep_generic_room_3,
          uniq_crazy_yiuf_cottage
D:3:      okawaru_gym_becter, grunt_qazlal_clouds, grunt_ministairs_4,
          trog_hazing_becter
D:4:      corexii_shantytown, corexii_corridor_pit, elyvilon_altar_1

Action                   |  1- 3 |  4- 6 || total
-------------------------+-------+-------++-------
Melee: Trident           |   118 |    63 ||   181
       Halberd           |       |   130 ||   130
Throw: Throwing net      |       |     1 ||     1
Evoke: Wand              |       |     1 ||     1
  Use: Scroll            |     2 |     7 ||     9
       Potion            |     1 |     3 ||     4
 Stab: Sleeping          |       |     1 ||     1
  Eat: Pizza             |     2 |       ||     2
       Meat ration       |       |     1 ||     1
       Bread ration      |       |     1 ||     1
